 Dungeon Crawl Stone Soup version 0.22-a0-348-gd16d139 (webtiles) character file.

3063 mortelune the Frost Mage (level 9, -4/57 HPs)
             Began as a Demonspawn Ice Elementalist on Apr 7, 2018.
             Was a Believer of Vehumet.
             Slain by Joseph
             ... wielding a +0 quarterstaff
              (31 damage)
             ... on level 8 of the Dungeon.
             The game lasted 00:32:27 (12380 turns).

mortelune the Frost Mage (DsIE)                    Turns: 12380, Time: 00:32:28

Health: -4/57      AC:  7    Str: 13    XL:     9   Next: 57%
Magic:  15/19      EV: 14    Int: 20    God:    Vehumet [**....]
Gold:   242        SH:  4    Dex: 13    Spells: 5/21 levels left

rFire    x . .     SeeInvis .   i - +1 mace (protect)
rCold    + . .     Gourm    .   B - +1 buckler {AC+3}
rNeg     . . .     Faith    .   a - +0 robe
rPois    .         Spirit   .   (no helmet)
rElec    .         Reflect  .   s - +0 cloak
rCorr    .         Harm     .   (no gloves)
MR       .....                  y - +0 pair of boots
Stlth    ++........             o - amulet of magic regeneration
HPRegen  0.19/turn              u - ring of ice
MPRegen  0.41/turn              F - +4 ring of strength

@: no status effects
A: claws 1, powered by pain 1, spiny 2
a: Renounce Religion


You were on level 8 of the Dungeon.
You worshipped Vehumet.
Vehumet was pleased with you.
You were hungry.

You visited 2 branches of the dungeon, and saw 9 of its levels.
You also visited: Sewer and Ossuary.

You collected 422 gold pieces.
You spent 180 gold pieces at shops.

Inventory:

Hand Weapons
 b - a -3 dagger
 d - a +0 short sword
 i - a +1 mace of protection (weapon)
 C - a +2 whip of freezing
Armour
 a - a +0 robe (worn)
 s - a +0 cloak (worn)
 y - a +0 pair of boots (worn)
 z - a +3 leather armour
 B - a +1 buckler of protection (worn)
Jewellery
 o - an amulet of magic regeneration (around neck)
 u - a ring of ice (left claw)
 F - a +4 ring of strength (right claw)
 I - an uncursed ring of stealth
Wands
 f - a wand of random effects (26)
 j - a wand of polymorph (12)
 A - a wand of flame (50)
 D - a wand of acid (8)
 M - a wand of enslavement (13)
Scrolls
 e - a scroll of fog
 m - 3 scrolls of magic mapping
 p - 2 scrolls of immolation {unknown}
 q - 9 scrolls of teleportation
 t - a scroll of noise {unknown}
 v - 7 scrolls of remove curse
 x - a scroll of fear
 G - a scroll of brand weapon {unknown}
Potions
 g - 4 potions of curing
 h - a potion of agility
 k - a potion of cancellation
 l - a potion of heal wounds {unknown}
 n - a potion of lignification
 r - 2 potions of mutation
 w - a potion of brilliance
 E - 3 potions of flight
 H - 2 potions of berserk rage
 J - a potion of haste
 K - 2 potions of magic
 L - a potion of might
Comestibles
 c - 12 rations


   Skills:
 - Level 5.0 Dodging
 - Level 1.7 Stealth
 + Level 0.2 Shields
 + Level 6.8 Spellcasting
 + Level 4.8 Conjurations
 - Level 8.6 Ice Magic


You had 5 spell levels left.
You knew the following spells:

 Your Spells              Type           Power        Failure   Level  Hunger
a - Freeze                Ice            ####         1%          1    None
b - Throw Frost           Conj/Ice       ######       1%          2    None
c - Ozocubu's Armour      Chrm/Ice       #####...     8%          3    #......
d - Throw Icicle          Conj/Ice       ######..     10%         4    ###....
e - Summon Ice Beast      Ice/Summ       #####...     26%         4    ###....
f - Throw Flame           Conj/Fire      ###...       9%          2    None


Dungeon Overview and Level Annotations

Branches:
Dungeon (8/15)             Temple (1/1) D:4
   Lair: D:8-11

Altars:
Cheibriados
Dithmenos
Fedhas
Gozag
Hepliaklqana
Kikubaaqudgha
Makhleb
Nemelex Xobeh
Okawaru
Qazlal
Ru
Sif Muna
Trog
Uskayaw
Vehumet
Wu Jian
Xom
Yredelemnul
Zin
The Shining One

Shops:
D:8 [

Annotations:
D:6 2 transporters
D:8 Joseph


Innate Abilities, Weirdness & Mutations

You have sharp fingernails.
You sometimes gain a little power by taking damage.
You are mostly covered in sharp spines.


Message History

You feel a surge of power!
The puff of frost hits Joseph.
Joseph is severely wounded.
Casting: Throw Frost (safe; 1% risk of failure)
Confirm with . or Enter, or press ? or * to list all spells.
Aiming: Freeze (safe; 1% risk of failure)
Press: ? - help, Shift-Dir - straight line, f/p - Joseph
Aim: Joseph, wielding a quarterstaff and wearing a ring mail (severely wounded, unusually strong)
You feel a surge of power!
You freeze Joseph.
Joseph is almost dead.
You block Joseph's attack.
Casting: Freeze (safe; 1% risk of failure)
Confirm with . or Enter, or press ? or * to list all spells.
Aiming: Freeze (safe; 1% risk of failure)
Press: ? - help, Shift-Dir - straight line, f/p - Joseph
Aim: Joseph, wielding a quarterstaff and wearing a ring mail (almost dead, unusually strong)
You feel a surge of power!
You freeze Joseph.
Joseph is almost dead.
Joseph is struck by your spines. Joseph hits you with a quarterstaff!!
Ouch! That really hurt!
You die...

## #...# #.# ..
#...# #.#
#.##...#########.#
#................#
####..############
#.....# #####.#
#.# #@# ......@.#
#########


You could see Joseph.

Vanquished Creatures
  A spriggan (D:7)
  An orc warrior (D:6)
  2 ice beasts (D:4)
  A sky beast (D:5)
  2 phantoms
  An ogre (D:4)
  3 centaurs
  4 big kobolds
  A bullfrog (D:7)
  A water moccasin zombie (D:5)
  A scorpion (D:5)
  A water moccasin skeleton (D:5)
  4 killer bees (D:7)
  A howler monkey (D:4)
  A crimson imp (D:6)
  2 centaur zombies (Ossuary)
  2 bullfrog zombies
  A quasit (D:8)
  A jelly (D:5)
  3 orc priests
  3 hounds
  2 orc wizards
  4 iguanas
  Natasha (thrice) (D:2)
  7 worker ants
  2 big kobold zombies (Ossuary)
  A worker ant zombie (D:4)
  2 mummies (Ossuary)
  6 adders
  3 river rats
  8 oozes
  2 adder zombies
  An adder skeleton (D:6)
  9 worms
  A dart slug (D:1)
  A leopard gecko (D:1)
  21 orcs
  9 giant cockroaches
  7 goblins
  11 hobgoblins
  25 jackals
  2 quokkas
  4 ball pythons
  12 bats
  A frilled lizard (D:2)
  3 goblin zombies
  12 hobgoblin zombies (Ossuary)
  2 jackal zombies
  16 kobolds
  9 kobold zombies (Ossuary)
  6 orc zombies (Ossuary)
  A quokka skeleton (D:4)
  A quokka zombie (D:7)
  15 rats
  A rat zombie (Ossuary)
247 creatures vanquished.

Vanquished Creatures (collateral kills)
  A hippogriff (D:7)
  A hobgoblin zombie (Ossuary)
  A jackal skeleton (D:7)
  An orc zombie (Ossuary)
4 creatures vanquished.

Grand Total: 251 creatures vanquished

Notes
Turn   | Place    | Note
-------+----------+-------------------------------------------
     0 | D:1      | mortelune the Demonspawn Ice Elementalist began the quest for the Orb.
     0 | D:1      | Reached XP level 1. HP: 13/13 MP: 3/3
   225 | D:1      | Reached skill level 3 in Ice Magic
   373 | D:1      | Gained mutation: You sometimes gain a little power by taking damage. [demonic ancestry]
   373 | D:1      | Reached XP level 2. HP: 19/19 MP: 3/5
   377 | D:1      | Learned a level 2 spell: Throw Frost
  1280 | D:1      | Reached XP level 3. HP: 24/24 MP: 2/6
  1483 | D:1      | Learned a level 3 spell: Ozocubu's Armour
  2089 | D:2      | Noticed Natasha
  2096 | D:2      | Killed Natasha
  2096 | D:2      | Gained mutation: You have sharp fingernails. [demonic ancestry]
  2096 | D:2      | Reached XP level 4. HP: 27/30 MP: 0/7
  2315 | D:2      | Noticed Natasha
  2325 | D:2      | Killed Natasha
  2325 | D:2      | Reached skill level 4 in Ice Magic
  2435 | D:2      | Noticed Natasha
  2460 | D:2      | Killed Natasha
  2499 | D:2      | Reached XP level 5. HP: 30/35 MP: 0/9
  3309 | D:2      | Found a burning altar of Makhleb.
  3441 | D:2      | Found a deep blue altar of Sif Muna.
  3567 | D:3      | Found a hazy altar of Hepliaklqana.
  3569 | D:3      | Found an iron altar of Okawaru.
  3692 | D:3      | Found a stormy altar of Qazlal.
  4029 | D:3      | Found a glowing drain.
  4049 | Sewer    | Entered a sewer
  4436 | Sewer    | Gained mutation: You are partially covered in sharp spines. [demonic ancestry]
  4436 | Sewer    | Reached XP level 6. HP: 27/41 MP: 4/11
  4653 | Sewer    | Reached skill level 5 in Ice Magic
  5763 | D:3      | Reached XP level 7. HP: 46/46 MP: 8/12
  6575 | D:4      | Learned a level 4 spell: Throw Icicle
  6580 | D:4      | Learned a level 4 spell: Summon Ice Beast
  6718 | D:4      | Found an opulent altar of Gozag.
  6727 | D:4      | Reached skill level 6 in Ice Magic
  6871 | D:4      | Found a hide-covered altar of Uskayaw.
  7308 | D:4      | Found a staircase to the Ecumenical Temple.
  7377 | Temple   | Entered the Ecumenical Temple
  7564 | Temple   | Became a worshipper of Vehumet
  8017 | D:5      | Entered Level 5 of the Dungeon
  8032 | D:4      | Reached XP level 8. HP: 37/52 MP: 3/14
  8243 | D:5      | Reached skill level 7 in Ice Magic
  8304 | D:5      | Reached skill level 5 in Spellcasting
  8545 | D:5      | Reached skill level 5 in Dodging
  8980 | D:5      | Reached * piety under Vehumet
  8980 | D:5      | Offered knowledge of Sting by Vehumet.
  9460 | D:6      | Found a transporter.
  9465 | D:6      | Noticed a kobold demonologist
  9465 | D:6      | Noticed a kobold demonologist
  9480 | D:6      | Found a transporter.
  9618 | D:6      | Gained mutation: You are mostly covered in sharp spines. [demonic ancestry]
  9618 | D:6      | Reached XP level 9. HP: 34/57 MP: 4/17
  9664 | D:6      | Reached skill level 8 in Ice Magic
 10483 | D:7      | Found a sand-covered staircase.
 10490 | Ossuary  | Entered an ossuary
 10558 | Ossuary  | Reached ** piety under Vehumet
 10558 | Ossuary  | Offered knowledge of Throw Flame by Vehumet.
 10620 | Ossuary  | Learned a level 2 spell: Throw Flame
 11060 | Ossuary  | Offered knowledge of Searing Ray by Vehumet.
 11770 | D:7      | Found an ornate altar of the Wu Jian Council.
 11843 | D:7      | Found a shimmering altar of Xom.
 11975 | D:7      | Found a glowing golden altar of the Shining One.
 12165 | D:8      | Found Vumaasch's Antique Armour Shop.
 12178 | D:8      | Bought a glowing buckler for 180 gold pieces
 12373 | D:8      | Noticed Joseph
 12380 | D:8      | Slain by Joseph

Vault maps used:
D:1:      saegor_arrival_simple_d
D:2:      lemuel_round_altar, led_sif_pool, uniq_natasha
D:3:      nicolae_qazlal_general_emergency, grunt_temple_overflow_open,
          portal_sewer_entry_e
D:4:      kennysheep_little_box, temple_pool_b, first_ration,
          grunt_gozag_statues
D:6:      gammafunk_wand_slinger
D:7:      lemuel_doored_altar, xom_teletrap_fun, enter_ossuary_4, the_bakery,
          tso_altar
D:8:      gammafunk_temple_overflow_elements, due_lair_maze_entry_diamond,
          serial_shops, shop, uniq_joseph, uniq_gastronok, uniq_maurice
Temple:   minmay_temple_bridge_abc
Sewer:    sewer_co_tree
Ossuary:  ossuary_tomb_1

Skill      XL: |  1  2  3  4  5  6  7  8  9 |
---------------+----------------------------+-----
Ice Magic      | 3 4 5 6 7 8 |  8.6
Dodging        | 2 3 4 5 |  5.0
Spellcasting   | 3 4 5 6 |  6.8
Conjurations   | 3 4 |  4.8
Stealth        | |  1.7
Shields        | |  0.2

Action                   |  1- 3 |  4- 6 |  7- 9 || total
-------------------------+-------+-------+-------++-------
Melee: Dagger            |    15 |       |       ||    15
       Unarmed           |     4 |       |       ||     4
       Short sword       |     2 |    12 |     2 ||    16
       Mace              |       |       |    45 ||    45
 Cast: Freeze            |    40 |   125 |    76 ||   241
       Throw Frost       |    23 |    50 |    93 ||   166
       Throw Icicle      |       |       |    46 ||    46
       Ozocubu's Armour  |       |       |     7 ||     7
       Throw Flame       |       |       |    62 ||    62
       Summon Ice Beast  |       |       |     6 ||     6
  Use: Scroll            |     3 |       |    14 ||    17
  Eat: Chunk             |     5 |    10 |    20 ||    35
       Ration            |       |     1 |     3 ||     4
Armor: Robe              |    23 |    21 |    43 ||    87
Dodge: Dodged            |    67 |    68 |   107 ||   242
Block: Buckler           |       |       |     1 ||     1

Table legend:
 A = Spawn XP
 B = Non-spawn XP
 C = Spawn XP percentage of total XP
 D = Spawn monster count
 E = Non-spawn monster count
 F = Spawn count percentage of total count
 G = Total turns spent on level
                    A         B        C        D         E        F      G
               +---------+---------+-------+---------+---------+-------+---------
         Total |       0 |    4376 |   0.0 |       0 |     251 |   0.0 | 12380
               +---------+---------+-------+---------+---------+-------+---------
           D:1 |       0 |      60 |   0.0 |       0 |      33 |   0.0 |  1961
           D:2 |       0 |     178 |   0.0 |       0 |      26 |   0.0 |  1546
           D:3 |       0 |      89 |   0.0 |       0 |      32 |   0.0 |  1295
           D:4 |       0 |     887 |   0.0 |       0 |      28 |   0.0 |  1585
           D:5 |       0 |     962 |   0.0 |       0 |      28 |   0.0 |  1262
           D:6 |       0 |     491 |   0.0 |       0 |      12 |   0.0 |   980
           D:7 |       0 |    1021 |   0.0 |       0 |      22 |   0.0 |  1042
           D:8 |       0 |      59 |   0.0 |       0 |       3 |   0.0 |   230
         Sewer |       0 |     418 |   0.0 |       0 |      28 |   0.0 |  1550
       Ossuary |       0 |     211 |   0.0 |       0 |      39 |   0.0 |   720
               +---------+---------+-------+---------+---------+-------+---------
